 Dungeon Crawl Stone Soup version 0.32-a0-18-g89e19f1974 (webtiles) character file.

Game seed: 8453520963335695528

145914 cforsyth the Brawler (level 17, -2/429 HPs)
             Began as an Oni Shapeshifter on Jan 17, 2024.
             Was the Champion of Qazlal.
             Slain by a culicivora (16 damage)
             ... led by a broodmother
             ... on level 4 of the Spider Nest.
             The game lasted 01:13:35 (34599 turns).

cforsyth the Brawler (Oni Shapeshifter)            Turns: 34599, Time: 01:13:35

Health: -2/429     AC: 31    Str: 28    XL:     17   Next: 43%
Magic:  21/21      EV:  1    Int: 11    God:    Qazlal [******]
Gold:   2055       SH:  8    Dex:  8    Spells: 16/16 levels left

rFire   + .          .
                       - Unarmed
rCold   + . .        (no shield)
rNeg    + . .        u - melded +0 troll leather armour
rPois   +            (helmet currently unavailable)
rElec   +            o - melded +2 cloak {rCorr}
rCorr   +            (gloves unavailable)
SInv    .            (boots unavailable)
Will    +++..        I - amulet of the acrobat Stlth
                     N - ring of poison resistance
HPRegen 0.91/turn    m - ring "Ruazairi" {rN+ Will++ Stlth+}
MPRegen 0.17/turn

%: repel missiles, acrobat
@: mighty, berserking, lethally poisoned (-2 -> -3), tree-form, resistant,
protected from physical damage, attractive, very quick
A: stationary, stasis, torment immunity, boosted hp, large, unfitting armour,
(horns 1), (tough skin 1), double potion healing, drunken brawling
a: Renounce Religion, Upheaval, Elemental Force, Disaster Area


You were on level 4 of the Spider Nest.
You worshipped Qazlal.
Qazlal was exalted by your worship.
You were a tree.
You visited 5 branches of the dungeon, and saw 27 of its levels.
You also visited: Ossuary and Bailey.

You collected 3767 gold pieces.
You spent 1712 gold pieces at shops.

Inventory:

Armour
 o - a +2 cloak of preservation (melded)
 u - a +0 troll leather armour (melded)
 v - a +0 helmet of see invisible
 y - a +0 pair of boots of flying
 K - a +0 kite shield
Jewellery
 m - the ring "Ruazairi" (right branch) {rN+ Will++ Stlth+}
   (You took it off a goblin on level 2 of the Dungeon)

   [ring of positive energy]

   rN+:       It protects you from negative energy.
   Will++:    It greatly increases your willpower.
   Stlth+:    It makes you more stealthy.
 n - a ring of protection from fire
 H - a ring of protection from fire
 I - an amulet of the acrobat (around neck)
 N - a ring of poison resistance (left branch)
 O - a ring of see invisible
 U - a ring of positive energy
 V - an amulet of reflection
 W - a ring of protection from cold
 Z - a +6 ring of dexterity
Talismans
 d - a flux talisman
 x - a blade talisman (active)
 P - a beast talisman
Wands
 w - a wand of iceblast (7)
 A - a wand of charming (23)
 G - a wand of flame (20)
 L - a wand of mindburst (1)
 T - a wand of polymorph (10)
Scrolls
 c - 3 scrolls of blinking
 e - 5 scrolls of vulnerability
 f - 4 scrolls of fog
 h - 2 scrolls of identify
 j - 3 scrolls of enchant weapon
 r - 4 scrolls of enchant armour
 s - 9 scrolls of teleportation
 z - 2 scrolls of summoning
 B - 5 scrolls of poison
 D - 2 scrolls of revelation
 F - 4 scrolls of immolation
 J - a scroll of fear
 M - a scroll of brand weapon
Potions
 a - a potion of attraction
 b - 2 potions of lignification
 g - 4 potions of brilliance
 k - 2 potions of ambrosia
 l - 6 potions of mutation
 p - a potion of resistance
 q - 10 potions of enlightenment
 C - a potion of might
 E - a potion of cancellation
 Q - a potion of berserk rage
 R - 3 potions of invisibility
 X - a potion of haste
Miscellaneous
 Y - a phial of floods


   Skills:
 + Level 17.1 Fighting
 + Level 10.6 Dodging
 + Level 18.6 Unarmed Combat
 + Level 5.3 Invocations
 + Level 16.9 Shapeshifting


You had 16 spell levels left.
You didn't know any spells.
Your spell library contained the following spells:

 Spells                   Type           Power      Damage    Failure   Level
 Kiss of Death            Conj/Necr      0%         2d5       34%         1
 Magic Dart               Conj           0%         1d3       34%         1
 Sting                    Conj/Alch      0%         1d3       34%         1
 Blink                    Tloc           0%         N/A       47%         2
 Call Imp                 Summ           0%         N/A       47%         2
 Lesser Beckoning         Tloc           0%         N/A       47%         2
 Mercury Vapours          Alch/Air       0%         N/A       47%         2
 Call Canine Familiar     Summ           0%         N/A       71%         3
 Confusing Touch          Hex            0%         N/A       71%         3
 Gell's Gravitas          Tloc           0%         N/A       71%         3
 Ozocubu's Armour         Ice            0%         N/A       71%         3
 Sigil of Binding         Hex            0%         N/A       71%         3
 Stone Arrow              Conj/Erth      0%         3d7       71%         3
 Teleport Other           Tloc           0%         N/A       71%         3
 Animate Armour           Summ/Erth      0%         N/A       98%         4
 Dimensional Bullseye     Hex/Tloc       0%         N/A       98%         4
 Dispel Undead            Necr           0%         3d6       98%         4
 Fulminant Prism          Conj/Alch      0%         3d5       98%         4
 Olgreb's Toxic Radiance  Alch           0%         N/A       98%         4
 Metabolic Englaciation   Hex/Ice        0%         N/A       100%        5
 Summon Forest            Summ/Tloc      0%         N/A       100%        5
 Dispersal                Tloc           0%         N/A       100%        6
 Eringya's Noxious Bog    Alch           0%         4d6       100%        6
 Sculpt Simulacrum        Ice/Alch       0%         N/A       100%        6
 Malign Gateway           Summ/Tloc      0%         N/A       100%        7
 Summon Hydra             Summ           0%         N/A       100%        7
 Lehudib's Crystal Spear  Conj/Erth      0%         10d2      100%        8
 Summon Horrible Things   Summ           0%         N/A       100%        8
 Shatter                  Erth           0%         3d5*      100%        9


Dungeon Overview and Level Annotations

Branches:
Dungeon (15/15)            Temple (1/1) D:6            Lair (5/5) D:11
 Shoals (0/4) Lair:2       Spider (4/4) Lair:3        Slime (0/5) Lair:5
    Orc (2/2) D:10            Elf (0/3) Orc:2        Vaults (0/5) D:13
 Depths (0/4) D:15        Ossuary (visited)          Bailey (visited)

Altars:
Ashenzari
Cheibriados
Dithmenos
Elyvilon
Fedhas
Gozag
Hepliaklqana
Kikubaaqudgha
Makhleb
Nemelex Xobeh
Okawaru
Qazlal
Ru
Sif Muna
Trog
Uskayaw
Vehumet
Wu Jian
Xom
Yredelemnul
Zin
The Shining One

Shops:
D:9 ?   D:13 =(?(!   Orc:2 (?*(


Innate Abilities, Weirdness & Mutations

You are a tree.
Your roots penetrate the ground, keeping you stationary.
You cannot be teleported.
You are immune to unholy pain and torment.
Your maximum health is greatly increased.
Your equipment is partially melded.
You are too large for most types of armour.
((You have a pair of small horns on your head.))
((You have tough skin. (AC +1)))
You gain doubled healing and magic from potions.
Whenever you drink a healing potion, you attack all around you.


Message History

You closely miss the redback.
You feel sick. The culicivora is attracted toward you.
You barely miss the broodmother.
You feel sick.
You hear a horrible gurgling sound!
The culicivora is engulfed in blazing flames.
You block the redback's attack. The redback bites you!
* * * LOW HITPOINT WARNING * * *
The broodmother bites you but does no damage.
Okay, then.
You smack the broodmother!
The broodmother is lightly wounded.
You feel sick.
The redback bites you but does no damage.
You block the culicivora's attack.
The redback bites you but does no damage.
The culicivora bites you but does no damage.
You thrash the broodmother!!!
The broodmother is heavily wounded.
You feel sick.
The culicivora bites you but does no damage.
The redback bites you.
* * * LOW HITPOINT WARNING * * *
The redback bites you but does no damage.
The broodmother bites you!
* * * LOW HITPOINT WARNING * * *
You block the culicivora's attack.
You pummel the broodmother!!
The broodmother is severely wounded.
You hear a horrible gurgling sound!
You block the culicivora's attack.
The redback bites you but does no damage.
The redback bites you!
* * * LOW HITPOINT WARNING * * *
The broodmother bites you!
* * * LOW HITPOINT WARNING * * *
The culicivora completely misses you.
A red film seems to cover your vision as you go berserk!
You feel yourself moving faster!
You feel mighty!
You feel sick. The culicivora bites you!
You die...

,,,,,,,*,,,,****,,,,,,,,,,,,,*,,,
,,,,,,,*,,..#....[...,..*,,,^*^,,
...,,,,*,,,...w.....#..^*,^***,,,
...,,,,*,^*...^....^#..,*,**,**,,
...,,######,..##.....##***,,,,,,,
...,##...^###^#...§...#,,,,,,,,,,
...,#.....#..^##§$○...#^,,,,,,,,,
...,#......^..^%ss..##*,,,,,,,,,,
...,####.^..[[§s♣s...#,,,,,,,,*<,
^..,^,#.......§s§°...#,,,,**^****
#..,,,#^...^...§§.§..#,,,,,***
...,,,#.?.#..).#^..###,,,,,,**
...,,#...##.)<##...#,,,,,,,,,*
##.,,#...#....##...#,,,,,,,,,*
#..,,######..^######^,,,******
#..,,* #...# *,,,,* ###*** #####
******


You could see a broodmother, 2 culicivoras and 2 redbacks.

Vanquished Creatures
  Rupert (D:15)
  Kirke (Lair:3)
  Aizul (Spider:4)
  A ghost moth (Spider:1)
  2 emperor scorpions
  An orc warlord (D:10)
  An ironbound thunderhulk (D:13)
  A spark wasp (Spider:3)
  2 entropy weavers
  Fannar (D:12)
  Harold (D:10)
  2 vault guards (D:13)
  3 centaur warriors
  4 catoblepae
  3 hydras
  A jorogumo (Spider:3)
  5 radroaches
  Erica (D:9)
  5 boulder beetles
  7 two-headed ogres
  17 death yaks
  3 tengu warriors
  5 demonic crawlers
  4 orc high priests (Orc:2)
  A fire crab (D:11)
  3 skeletal warriors (D:14)
  5 pharaoh ants
  3 skysharks
  6 orb spiders
  A deep troll (D:14)
  2 sun moths
  A mana viper (shapeshifter) (D:15)
  12 steelbarb worms
  3 orc knights
  3 deep elf pyromancers
  15 wolf spiders
  7 ugly things
  4 orc sorcerers
  6 manticores
  4 cyclopes
  6 kobold blastminers (Orc:1)
  6 meliai (Spider:4)
  Maurice (D:10)
  4 moths of wrath
  5 black mambas
  6 elephants
  6 torpor snails
  A cane toad (shapeshifter) (D:15)
  2 gargoyles (D:13)
  9 cane toads
  3 rime drakes
  A kobold demonologist (D:12)
  9 komodo dragons
  2 unseen horrors
  A yaktaur (D:10)
  2 tengu conjurers (D:15)
  6 polar bears
  A burning bush (Lair:5)
  6 trolls
  A queen bee (Spider:1)
  The ghost of hgbash the Conjurer, an amateur DrCj (D:3)
  25 tarantellas
  21 blink frogs
  6 dream sheep
  38 jumping spiders
  11 slime creatures
  17 culicivoras
  2 shadows
  33 yaks
  Sigmund (D:2)
  A wraith (D:9)
  A vampire (D:11)
  A centaur simulacrum (D:15)
  4 wyverns
  3 hogs
  2 humans (D:13)
  37 redbacks
  11 vampire mosquitoes
  A basilisk (Lair:2)
  3 wargs
  A steam dragon (Lair:3)
  3 acid dragons
  20 water moccasins
  29 orc warriors
  A black bear (D:4)
  2 ice beasts (D:7)
  A sky beast (D:6)
  3 ogres
  5 wolves (Lair:1)
  A centaur (D:13)
  7 kobold brigands
  13 bullfrogs
  A gnoll sergeant (D:11)
  3 scorpions
  6 water moccasin zombies (Ossuary)
  A burial acolyte (Ossuary)
  3 wights (D:6)
  21 killer bees
  4 howler monkeys
  A hound (D:5)
  5 jellies
  34 orc priests
  4 iguanas
  Crazy Yiuf (D:2)
  23 orc wizards
  Ijyb (D:5)
  2 crocodile zombies (Ossuary)
  A bullfrog simulacrum (Ossuary)
  2 mummies (Ossuary)
  8 gnolls
  6 adders
  4 adder zombies (Ossuary)
  2 dart slugs
  11 ribbon worms
  64 orcs
  10 ball pythons
  3 endoplasms
  3 giant cockroaches
  11 gnoll zombies (Ossuary)
  13 goblins
  6 hobgoblins
  6 jackals
  31 kobolds
  2 quokkas (D:4)
  7 bats
  A frilled lizard (D:1)
  A goblin zombie (D:6)
  A jackal zombie (Ossuary)
  An orc zombie (Ossuary)
  A quokka zombie (D:6)
  8 rats
845 creatures vanquished.

Vanquished Creatures (others)
  A blink frog (Lair:5)
  A human (Lair:5)
2 creatures vanquished.

Grand Total: 847 creatures vanquished

Notes
Turn   | Place    | Note
-------+----------+-------------------------------------------
     0 | D:1      | cforsyth the Oni Shapeshifter began the quest for the Orb.
     0 | D:1      | Reached XP level 1. HP: 19/19 MP: 1/1
    91 | D:1      | Reached XP level 2. HP: 28/28 MP: 2/2
   528 | D:2      | Reached skill level 3 in Unarmed Combat
   543 | D:2      | Reached XP level 3. HP: 35/35 MP: 3/3
   697 | D:2      | Found a runed translucent door.
   698 | D:2      | Noticed Crazy Yiuf
   732 | D:2      | Noticed Sigmund
   739 | D:2      | Killed Sigmund
   740 | D:2      | Reached XP level 4. HP: 24/46 MP: 4/4
   740 | D:2      | Reached XP level 5. HP: 28/53 MP: 5/5
  1299 | D:2      | Reached XP level 6. HP: 56/62 MP: 6/6
  2012 | D:2      | Identified the ring "Ruazairi" {rN+ Will++ Stlth+}
  2151 | D:3      | Reached skill level 4 in Unarmed Combat
  2905 | D:3      | Found a faded altar of an unknown god.
  3024 | D:3      | Found a runed translucent door.
  3024 | D:3      | Noticed hgbash's ghost (amateur DrCj)
  3233 | D:4      | Noticed a black bear
  3241 | D:4      | Killed a black bear
  3242 | D:4      | Reached skill level 5 in Fighting
  3242 | D:4      | Reached XP level 7. HP: 55/72 MP: 7/7
  3319 | D:4      | Found an iron altar of Okawaru.
  3892 | D:4      | Found a hazy altar of Hepliaklqana.
  4268 | D:5      | Entered Level 5 of the Dungeon
  4311 | D:5      | Found a snail-covered altar of Cheibriados.
  4448 | D:5      | Found a white marble altar of Elyvilon.
  4594 | D:5      | Reached skill level 5 in Shapeshifting
  4850 | D:5      | Reached skill level 5 in Unarmed Combat
  5015 | D:5      | Noticed Ijyb
  5138 | D:5      | Killed Ijyb
  5269 | D:6      | Identified a scroll of acquirement
  5269 | D:6      | Acquired a manual of Unarmed Combat
  5292 | D:6      | Reached XP level 8. HP: 70/84 MP: 8/8
  5338 | D:6      | Found a sand-covered staircase.
  5345 | Ossuary  | Entered an ossuary
  5451 | Ossuary  | Reached skill level 6 in Unarmed Combat
  6075 | D:6      | Reached skill level 7 in Unarmed Combat
  6207 | D:6      | Reached XP level 9. HP: 90/96 MP: 9/9
  6634 | D:6      | Found a staircase to the Ecumenical Temple.
  6640 | Temple   | Entered the Ecumenical Temple
  6653 | Temple   | Became a worshipper of Qazlal Stormbringer
  6852 | D:7      | Found a flagged portal.
  6864 | Bailey   | Entered a bailey
  6920 | Bailey   | Identified the +5 long sword of the Crushed Allies {venom,
                  | *Rage *Noise rN+ Dex+7}
  6922 | Bailey   | Noticed an orc knight
  7213 | Bailey   | Reached skill level 8 in Unarmed Combat
  7373 | Bailey   | Killed an orc knight
  7535 | Bailey   | Noticed an orc knight
  7683 | Bailey   | Killed an orc knight
  7684 | Bailey   | Reached skill level 10 in Fighting
  7684 | Bailey   | Reached skill level 9 in Unarmed Combat
  7833 | Bailey   | Reached * piety under Qazlal
  8043 | Bailey   | Reached XP level 10. HP: 66/110 MP: 10/10
  8902 | D:7      | Found a bloodstained altar of Trog.
  9273 | D:8      | Reached skill level 10 in Unarmed Combat
  9457 | D:8      | Found a shadowy altar of Dithmenos.
  9854 | D:8      | Found a glowing golden altar of the Shining One.
  9856 | D:8      | Found an ornate altar of the Wu Jian Council.
  9915 | D:8      | Found a shimmering blue altar of Sif Muna.
 10080 | D:9      | Noticed Erica
 10090 | D:9      | Killed Erica
 10091 | D:9      | Reached skill level 11 in Unarmed Combat
 10166 | D:9      | Found Kixty's Magic Scroll Emporium.
 10181 | D:9      | Bought a scroll of fear for 52 gold pieces
 10181 | D:9      | Bought a scroll of identify for 26 gold pieces
 10181 | D:9      | Bought a scroll of revelation for 97 gold pieces
 10181 | D:9      | Bought a scroll of teleportation for 39 gold pieces
 10412 | D:9      | Noticed a two-headed ogre
 10552 | D:8      | Found a hide-covered altar of Uskayaw.
 10554 | D:8      | Found a sacrificial altar of Ru.
 10745 | D:9      | Killed a two-headed ogre
 10868 | D:10     | Entered Level 10 of the Dungeon
 10940 | D:10     | Identified the +11 eveningstar "Otat" {pain, rElec rPois
                  | Str-3 Dex+8}
 10945 | D:10     | Reached skill level 12 in Unarmed Combat
 11021 | D:10     | Reached XP level 11. HP: 87/119 MP: 11/11
 11026 | D:10     | Noticed a red ugly thing
 11248 | D:10     | Reached ** piety under Qazlal
 11320 | D:10     | Reached skill level 10 in Shapeshifting
 11372 | D:10     | Reached skill level 13 in Unarmed Combat
 11471 | D:10     | Noticed Maurice
 11476 | D:10     | Maurice stole a beast talisman
 11478 | D:10     | Killed Maurice
 11559 | D:10     | Found a staircase to the Orcish Mines.
 11562 | D:10     | Noticed Harold
 11967 | D:10     | Killed a red ugly thing
 12025 | D:10     | Killed Harold
 12174 | D:10     | Found an opulent altar of Gozag.
 12508 | D:11     | Noticed a two-headed ogre
 12513 | D:11     | Killed a two-headed ogre
 12518 | D:11     | Reached *** piety under Qazlal
 12756 | D:11     | Noticed a cyclops
 12762 | D:11     | Killed a cyclops
 12768 | D:11     | Noticed a two-headed ogre
 12773 | D:11     | Killed a two-headed ogre
 12774 | D:11     | Reached skill level 14 in Unarmed Combat
 12774 | D:11     | Reached XP level 12. HP: 89/128 MP: 12/12
 12906 | D:11     | Found a staircase to the Lair.
 13095 | D:11     | Noticed a two-headed ogre
 13101 | D:11     | Killed a two-headed ogre
 13715 | D:12     | Noticed a two-headed ogre
 13720 | D:12     | Killed a two-headed ogre
 13905 | D:12     | Noticed Fannar
 14004 | D:12     | Killed Fannar
 15192 | D:13     | You fall into a shaft and drop 1 floor!
 15248 | D:14     | Noticed a boulder beetle
 15257 | D:14     | Noticed a boulder beetle
 15277 | D:14     | Killed a boulder beetle
 15290 | D:14     | Killed a boulder beetle
 15315 | D:14     | Noticed a two-headed ogre
 15324 | D:14     | Killed a two-headed ogre
 15325 | D:14     | Reached skill level 15 in Unarmed Combat
 15410 | D:14     | Noticed a tengu warrior
 15475 | D:14     | Killed a tengu warrior
 15694 | D:14     | Reached XP level 13. HP: 89/135 MP: 13/13
 16087 | D:14     | Identified the +6 spear "Zysacw" {freeze, ^Drain rElec rF+}
 16107 | D:13     | Found Heit's Magic Scroll Shop.
 16107 | D:13     | Found Kuoppin's Antique Weapon Boutique.
 16164 | D:13     | Bought a scroll of teleportation for 48 gold pieces
 16164 | D:13     | Bought a scroll of identify for 32 gold pieces
 16164 | D:13     | Bought a scroll of teleportation for 48 gold pieces
 16164 | D:13     | Bought a scroll of fog for 64 gold pieces
 16164 | D:13     | Bought a scroll of teleportation for 48 gold pieces
 16372 | D:13     | Reached **** piety under Qazlal
 16403 | D:13     | Got the Grimoire of Changed Detritus
 16525 | D:13     | Identified the +6 mace "Kanou" {elec, Str+4}
 16543 | D:13     | Found Qojis's Distillery.
 16551 | D:13     | Bought a potion of invisibility for 120 gold pieces
 16551 | D:13     | Bought a potion of degeneration for 15 gold pieces
 16551 | D:13     | Bought a potion of heal wounds for 75 gold pieces
 16964 | D:2      | Killed Crazy Yiuf
 17052 | D:3      | Killed hgbash's ghost
 17053 | D:3      | Reached skill level 16 in Unarmed Combat
 17275 | Lair:1   | Entered Level 1 of the Lair of Beasts
 18532 | Lair:2   | Reached ***** piety under Qazlal
 18908 | Lair:1   | Reached XP level 14. HP: 112/146 MP: 14/14
 19226 | Lair:2   | Found a staircase to the Shoals.
 19232 | Lair:2   | Identified the +2 sling of Tasucesh {drain, Str+3 Dex-2
                  | Stlth+}
 19241 | Lair:2   | Reached skill level 5 in Dodging
 20502 | Lair:3   | Found a hole to the Spider Nest.
 21426 | Lair:4   | Noticed Kirke
 21477 | Lair:3   | Killed Kirke
 21478 | Lair:3   | Reached skill level 15 in Shapeshifting
 21593 | Lair:4   | Reached skill level 17 in Unarmed Combat
 22001 | Lair:5   | Entered Level 5 of the Lair of Beasts
 22600 | Lair:5   | Reached XP level 15. HP: 161/161 MP: 15/15
 22715 | Lair:5   | Found a staircase to the Slime Pits.
 22971 | Lair:5   | Reached ****** piety under Qazlal
 23740 | Lair:5   | Identified the +6 war axe "Edirar" {chaos, Will- Dex+4}
 23983 | Orc:1    | Entered Level 1 of the Orcish Mines
 24157 | Orc:1    | Noticed an orc warlord
 24194 | D:10     | Killed an orc warlord
 24651 | Orc:2    | Entered Level 2 of the Orcish Mines
 25129 | Orc:2    | Found a staircase to the Elven Halls.
 25305 | Orc:2    | Found Zaynom's General Store.
 25305 | Orc:2    | Found Wawuw's Antique Weapon Emporium.
 25306 | Orc:2    | Found Ewin Udgh's Magic Scroll Emporium.
 25310 | Orc:2    | Found Manuezou's Antique Weapon Shoppe.
 25315 | Orc:2    | Bought a scroll of acquirement for 728 gold pieces
 25655 | Orc:2    | Acquired 947 gold pieces
 25836 | D:13     | Found Cylup's Jewellery Emporium.
 26043 | D:13     | Found a gate to the Vaults.
 26368 | D:13     | Found Qaobruni's Weapon Boutique.
 26652 | D:15     | Entered Level 15 of the Dungeon
 26948 | D:15     | Identified the +7 mace of Zooles {holy, Will+}
 27031 | D:15     | Reached skill level 15 in Fighting
 27198 | D:15     | Noticed Rupert
 27223 | D:15     | Killed Rupert
 27426 | D:15     | Found a staircase to the Depths.
 27483 | D:15     | Reached XP level 16. HP: 176/176 MP: 16/16
 28103 | Spider:1 | Entered Level 1 of the Spider Nest
 28832 | D:13     | Bought a ring of poison resistance for 320 gold pieces
 29245 | Spider:1 | Reached skill level 18 in Unarmed Combat
 31398 | Spider:2 | Reached skill level 1 in Invocations
 31949 | Spider:2 | Reached skill level 10 in Dodging
 32554 | Spider:1 | Reached XP level 17. HP: 155/189 MP: 19/19
 33923 | Spider:3 | Found a hide-covered altar of Uskayaw.
 34472 | Spider:4 | Entered Level 4 of the Spider Nest
 34534 | Spider:4 | Reached skill level 5 in Invocations
 34535 | Spider:4 | Identified the serpent talisman "Kusu" {rElec rN+ Will++
                  | Str-4}
 34535 | Spider:4 | Noticed Aizul
 34587 | Spider:4 | Killed Aizul
 34598 | Spider:4 | HP: 9/286 [broodmother (10)]
 34599 | Spider:4 | Slain by a culicivora

Illustrated notes

Levels and vault maps discovered:
D:1:      minmay_arrival_nine_rooms, layout_rooms, bh_walls_and_bars
D:2:      layout_loops_corners, hex_tiny, uniq_crazy_yiuf_cottage, uniq_sigmund
D:3:      layout_basic, gammafunk_ghost_grave,
          dilly_ecumenical_altar_fadedgnrine, nicolae_wormholes
D:4:      layout_loops_cross, mainiacjoe_overflow_paths,
          okawaru_metal_pillars_1_2
D:5:      layout_cave_pools, lemuel_crystal_altar, nicolae_elyvilon_temple_path,
          uniq_ijyb
D:6:      layout_basic, minmay_temple_entry_enclosed_plants, enter_ossuary_4,
          serial_library_hellmonk_hallway_a
D:7:      layout_cave_pools, mainiacjoe_overflow_alcove_2, enter_bailey_5,
          hangedman_decor_riveting
D:8:      layout_cave_pools, nicolae_overflow_hidden_temple,
          hellmonk_sif_muna_bookshelves, minmay_large_rounded_square
D:9:      layout_irregular_city, serial_shops, nicolae_shop_stone, uniq_erica
D:10:     layout_loops_ring, kennysheep_mini, erik_orc_3,
          nicolae_concentric_dashed_squares_wild,
          minmay_fractal_squares_gapless_7, uniq_harold, uniq_maurice
D:11:     layout_irregular_city, minmay_lair_entry_lava, minmay_fountain_box,
          serial_library_hellmonk_recessed_alcove
D:12:     layout_loops_ring, uniq_fannar
D:13:     layout_long_grid, hellmonk_vaults_keyhole, serial_shops, shop, shop,
          nicolae_shop_crystal, nicolae_square_shop, shop
D:14:     layout_big_octagon, minmay_curled_crystal,
          minmay_misc_feat_secret_circle
D:15:     hangedman_depths_entry_civil_slaughter, layout_stronghold,
          chequers_serial_rivers_micro_b, uniq_rupert
Temple:   zaba_magenta_temple
Lair:1:   layout_chaotic_city
Lair:2:   layout_big_grid, elwin_shoals_entry_rocks, minivault_23,
          lemuel_fruit_fields
Lair:3:   layout_cave_pods, spider_nest_entry_web_field
Lair:4:   layout_cave_pods, uniq_kirke
Lair:5:   evilmike_catoblepas_cave, layout_small_grid,
          minmay_slime_entry_pillars, evilmike_ambush
          [evilmike_ambush_outer_basic, evilmike_ambush_inner_basic]
Spider:1: layout_cave_pods, hive_lemuel
Spider:2: layout_cave_pods
Spider:3: layout_cave_pods, nicolae_spider_circle_web,
          nicolae_spider_altar_of_dancing
Spider:4: grunt_spider_rune_parallel, portal_ice_cave_entry_ugly_swarm,
          uniq_aizul
Orc:1:    layout_caves
Orc:2:    st_orc_mages, layout_caves

Skill      XL: |  1  2  3  4  5  6  7  8  9 10 11 12 13 14 15 16 17 |
---------------+----------------------------------------------------+-----
Dodging        | 2 3 4 6 8 10 | 10.6
Fighting       | 2 3 5 6 8 10 11 13 15 16 17 | 17.1
Unarmed Combat | 3 4 5 7 9 12 14 15 16 17 18 | 18.6
Shapeshifting  | 4 5 6 7 9 11 13 14 15 16 | 16.9
Invocations    | 3 5 |  5.3

Action                     |  1- 3 |  4- 6 |  7- 9 | 10-12 | 13-15 | 16-18 || total
---------------------------+-------+-------+-------+-------+-------+-------++-------
  Melee: Unarmed           |    69 |   119 |   316 |   455 |   903 |   420 ||  2282
         Headbutt          |     7 |    22 |    53 |    87 |   204 |    70 ||   443
         Punch             |     1 |     4 |     7 |    35 |   101 |    43 ||   191
  Evoke: Wand              |       |       |     6 |    16 |     3 |     3 ||    28
    Use: Scroll            |       |       |    13 |     9 |     6 |     6 ||    34
         Potion            |       |       |     1 |     2 |     6 |    26 ||    35
   Stab: Sleeping          |       |     1 |     5 |       |       |       ||     6
         Distracted        |       |       |     1 |       |       |       ||     1
         Betrayed ally     |       |       |       |     1 |       |       ||     1
         Petrified         |       |       |       |       |     7 |       ||     7
 Armour: Animal skin       |    42 |    74 |   235 |    51 |       |       ||   402
         Skin              |       |       |     5 |     9 |    14 |    30 ||    58
         Troll leather arm |       |       |       |   216 |   571 |   523 ||  1310
  Dodge: Dodged            |    28 |    53 |   157 |   190 |   437 |   346 ||  1211
         Repelled          |       |       |       |       |    12 |     3 ||    15
  Block: Other             |       |       |       |    26 |   211 |   181 ||   418
   Form: Blade             |       |       |       |     1 |     1 |       ||     2
         Beast             |       |       |       |     1 |       |       ||     1

Table legend: (Time is in decaauts)
 A = Elapsed time spent in this place.
 B = Non-inter-level travel time spent in this place.
 C = Inter-level travel time spent in this place.
 D = Time resting spent in this place.
 E = Time spent auto-exploring this place.
 F = Levels seen in this place.
 G = Mean time per level.
                   A        B        C        D        E       F      G
               +--------+--------+--------+--------+--------+-----+--------+
         Total |  34139 |  32030 |   2109 |   4766 |  20463 |  29 | 1177.2 |
       Dungeon |  17403 |  16048 |   1355 |   1192 |  11812 |  15 | 1160.2 |
        Temple |     26 |     13 |     13 |      0 |      0 |   1 |   26.0 |
          Lair |   7736 |   7237 |    499 |   1656 |   3985 |   5 | 1547.2 |
   Spider Nest |   5122 |   4960 |    162 |   1186 |   2650 |   4 | 1280.5 |
  Orcish Mines |   1508 |   1429 |     79 |      0 |   1012 |   2 |  754.0 |
       Ossuary |    691 |    691 |      0 |    122 |    437 |   1 |  691.0 |
        Bailey |   1649 |   1649 |      0 |    608 |    566 |   1 | 1649.0 |
               +--------+--------+--------+--------+--------+-----+--------+

Top non-repeatable levels by time:
  Lair:3: 2571 daAuts
Spider:1: 2161 daAuts
    D:12: 1916 daAuts
    D:10: 1735 daAuts
  Bailey: 1649 daAuts
Spider:3: 1567 daAuts
     D:2: 1507 daAuts
  Lair:4: 1431 daAuts
  Lair:1: 1423 daAuts
Spider:2: 1343 daAuts
  Lair:5: 1341 daAuts
    D:14: 1273 daAuts
    D:11: 1222 daAuts
    D:13: 1198 daAuts
     D:3: 1193 daAuts
